 Dungeon Crawl Stone Soup version 0.22-a0-614-g34fbaa0 (webtiles) character file.

550 EloyTheNewbi the Ruffian (level 7, 0/66 HPs)
             Began as a Troll Fighter on July 13, 2018.
             Was a Follower of Trog.
             Slain by an orc warrior
             ... wielding the +6 falchion "Licsay" {slice, rF- rN+ SInv}
              (14 damage)
             ... on level 5 of the Dungeon.
             The game lasted 00:10:22 (2880 turns).

EloyTheNewbi the Ruffian (Troll Fighter)            Turns: 2880, Time: 00:10:23

Health: 0/66       AC:  6    Str: 25    XL:     7   Next: 7%
Magic:  6/6        EV:  9    Int:  4    God:    Trog [*.....]
Gold:   180        SH:  9    Dex: 11    Spells: 6/6 levels left

rFire    . . .     SeeInvis .     - Unarmed
rCold    + + .     Gourm    +   b - +0 shield
rNeg     . . .     Faith    .   a - +1 robe
rPois    .         Spirit   .   (helmet restricted)
rElec    .         Reflect  .   (no cloak)
rCorr    .         Harm     .   (gloves unavailable)
MR       .....                  (boots unavailable)
Stlth    +.........             (no amulet)
HPRegen  0.61/turn              m - ring of protection from cold
MPRegen  0.10/turn              n - ring of protection from cold

@: very slightly contaminated, invisible
A: large, unfitting armour, claws 3, fast metabolism 3, gourmand, regeneration
1, shaggy fur 1, tough skin 2
a: Berserk, Renounce Religion


You were on level 5 of the Dungeon.
You worshipped Trog.
Trog was aware of your devotion.
You were very full.

You visited 1 branch of the dungeon, and saw 5 of its levels.

You collected 180 gold pieces.

Inventory:

Missiles
 i - 303 stones (quivered)
Armour
 a - a +1 robe (worn)
 b - a +0 shield (worn)
Jewellery
 m - a ring of protection from cold (left claw)
 n - a ring of protection from cold (right claw)
Wands
 o - a wand of acid (9)
Scrolls
 e - 2 scrolls of magic mapping
 f - a scroll of teleportation
 l - 3 scrolls of remove curse
 p - a scroll of identify
Potions
 c - 3 potions of might
 g - a potion of berserk rage
 h - a potion of brilliance
 j - 2 potions of agility
 k - a potion of invisibility
 s - a potion of curing
Comestibles
 d - 6 rations


   Skills:
 + Level 2.9 Fighting
 + Level 1.1 Throwing
 * Level 4.0 Dodging
 + Level 3.7 Shields
 + Level 5.0 Unarmed Combat
 * Level 0.1 Evocations


You had 6 spell levels left.
You didn't know any spells.
Your spell library was empty.

Dungeon Overview and Level Annotations

Branches:
Dungeon (5/15)
 Temple: D:4-7

Altars:
Ashenzari
Cheibriados
Trog
Yredelemnul

Portals:
Ossuary: D:5


Innate Abilities, Weirdness & Mutations

You are too large for most types of armour.
You have claws for hands.
Your metabolism is lightning-fast.
You like to eat raw meat.
Your natural rate of healing is unusually fast.
You are covered in fur. (AC +1)
You have very tough skin. (AC +2)


Message History

A mummy comes into view.
You hear the slow hiss of an avalanche of sand.
You closely miss the orc warrior.
The orc warrior is moderately wounded.
The orc warrior hits you but does no damage.
You closely miss the orc warrior.
The orc warrior is moderately wounded.
The orc warrior hits you with a bone falchion {slice}!
* * * LOW HITPOINT WARNING * * *
x2 You block the orc's attack.
You fade into invisibility!
The orc warrior closely misses you.
You are very lightly contaminated with residual magic.
You closely miss the orc warrior.
The orc warrior is moderately wounded.
You claw the orc!
You kill the orc!
Trog accepts your kill.
The orc warrior hits you with a bone falchion {slice}!
You die...

*,**,*,*#.#.....#..#.#
#.##.#.##.###..)).)..###
#....#.#.......##)....<#
#.,..#.#####.#.#######.#
#..#...#.....#.# #.#
#..#...#.#####.# #.#
#......#.#,....#*****#.##
########...#o#.#*##.,,,,*#...
#.........M)@..#,,,.,,,,*###.
#.#####'#####..#,*,,,_,,,,,#.
*,,**...?,**,..#,**,,,,,**,##
**,,##...#*,,#...,,,,,,,,*,*
*,,,##M##,,,,...#*****,,*,*
*,*,,###,,*,*....#,,,,*,*,*
*,**,,*,,,*,*.##.#,**,*,*,**
*,***,,,,,*,*,,,..,,,,*,*,,,
*,,,,,,,,**,,,,,,*,****,****


You could see an orc warrior and a mummy.

Vanquished Creatures
  The ghost of Cyrkle the Skirmisher, an amateur KoCK of Xom (D:3)
  A scorpion (D:4)
  A howler monkey (D:4)
  A crimson imp (D:5)
  An orc priest (D:4)
  A hound (D:4)
  4 orc wizards (D:4)
  A worker ant (D:4)
  4 adders
  An ooze (D:1)
  A worm (D:4)
  5 dart slugs
  3 leopard geckos
  13 orcs
  2 ball pythons
  8 bats
  4 giant cockroaches
  8 goblins
  9 hobgoblins
  13 jackals
  9 kobolds
  A quokka (D:3)
  5 frilled lizards
  3 rats
100 creatures vanquished.

Notes
Turn   | Place    | Note
-------+----------+-------------------------------------------
     0 | D:1      | EloyTheNewbi the Troll Fighter began the quest for the Orb.
     0 | D:1      | Reached XP level 1. HP: 22/22 MP: 0/0
    33 | D:1      | Reached XP level 2. HP: 29/29 MP: 1/1
   191 | D:1      | Reached XP level 3. HP: 36/36 MP: 2/2
   886 | D:2      | Found a bloodstained altar of Trog.
   916 | D:2      | Reached XP level 4. HP: 38/44 MP: 3/3
   944 | D:2      | Became a worshipper of Trog the Wrathful
  1158 | D:2      | Found a snail-covered altar of Cheibriados.
  1158 | D:2      | Found a shattered altar of Ashenzari.
  1158 | D:2      | Found a basalt altar of Yredelemnul.
  1277 | D:3      | Found a runed gate.
  1277 | D:3      | Found a runed gate.
  1277 | D:3      | Found a runed gate.
  1283 | D:3      | Noticed Cyrkle's ghost (amateur KoCK)
  1297 | D:3      | Killed Cyrkle's ghost
  1297 | D:3      | Reached skill level 3 in Unarmed Combat
  1297 | D:3      | Reached XP level 5. HP: 43/52 MP: 4/4
  2001 | D:4      | Reached skill level 1 in Throwing
  2076 | D:4      | Reached skill level 4 in Unarmed Combat
  2076 | D:4      | Reached XP level 6. HP: 46/59 MP: 5/5
  2101 | D:4      | Reached * piety under Trog
  2773 | D:5      | Entered Level 5 of the Dungeon
  2826 | D:5      | Reached skill level 5 in Unarmed Combat
  2826 | D:5      | Reached XP level 7. HP: 64/66 MP: 6/6
  2870 | D:5      | Found a sand-covered staircase.
  2880 | D:5      | Identified the +6 falchion "Licsay" {slice, rF- rN+ SInv}
  2880 | D:5      | Slain by an orc warrior

Vault maps used:
D:1:      dpeg_arrival_arbitrary_a
D:2:      gammafunk_temple_overflow_claw, trog_hazing_becter
D:3:      ebering_ghost_rock_garden
D:4:      first_ration, kennysheep_potato
D:5:      tgw_trog, gup_ossuary_entry_pyramid, basic_altar,
          minmay_misc_feat_cross, hangedman_abyss_or_decor_stagger,
          eino_tiny_chamber

Skill      XL: |  1  2  3  4  5  6 |
---------------+-------------------+-----
Shields        | 3 |  3.7
Dodging        | 3 4 |  4.0
Unarmed Combat | 3 4 5 |  5.0
Throwing       | 1 |  1.1
Fighting       | |  2.9
Evocations     | |  0.1

Action                   |  1- 3 |  4- 6 |  7- 9 || total
-------------------------+-------+-------+-------++-------
Melee: Unarmed           |   134 |   145 |    14 ||   293
Throw: Stone             |    11 |    12 |       ||    23
Evoke: Wand              |       |     1 |       ||     1
  Use: Scroll            |     6 |     6 |       ||    12
       Potion            |     1 |     1 |     1 ||     3
  Eat: Chunk             |    14 |    17 |       ||    31
Armor: Robe              |    67 |    38 |     2 ||   107
Dodge: Dodged            |    67 |    31 |     4 ||   102
Block: Shield            |    75 |    56 |     4 ||   135

Table legend:
 A = Spawn XP
 B = Non-spawn XP
 C = Spawn XP percentage of total XP
 D = Spawn monster count
 E = Non-spawn monster count
 F = Spawn count percentage of total count
 G = Total turns spent on level
                    A         B        C        D         E        F      G
               +---------+---------+-------+---------+---------+-------+---------
         Total |       0 |     786 |   0.0 |       0 |     100 |   0.0 |  2880
               +---------+---------+-------+---------+---------+-------+---------
           D:1 |       0 |      67 |   0.0 |       0 |      34 |   0.0 |   666
           D:2 |       0 |      59 |   0.0 |       0 |      22 |   0.0 |   611
           D:3 |       0 |     121 |   0.0 |       0 |      10 |   0.0 |   686
           D:4 |       0 |     476 |   0.0 |       0 |      28 |   0.0 |   810
           D:5 |       0 |      63 |   0.0 |       0 |       6 |   0.0 |   107
               +---------+---------+-------+---------+---------+-------+---------
